 Dungeon Crawl Stone Soup version 0.30.1-3-gfc49f6343a (webtiles) character file.

Game seed: 7228847721494446277

328 KyoPewz the Trooper (level 6, 0/66 HPs)
             Began as an Ogre Gladiator on July 30, 2023.
             Slain by an iguana (8 damage)
             ... on level 5 of the Dungeon.
             The game lasted 00:08:31 (4010 turns).

KyoPewz the Trooper (Ogre Gladiator)                Turns: 4010, Time: 00:08:32

Health: 0/66       AC:  3    Str: 21    XL:     6   Next: 50%
Magic:  6/6        EV: 10    Int:  9    God:
Gold:   224        SH:  0    Dex: 10    Spells: 5/5 levels left

rFire   . . .        a - +0 flail
rCold   . . .        (no shield)
rNeg    . . .        b - +0 robe
rPois   .            c - +0 hat
rElec   .            (no cloak)
rCorr   .            (gloves unavailable)
SInv    .            (boots unavailable)
Will    .....        (no amulet)
Stlth   +            (no ring)
HPRegen 0.31/turn    (no ring)
MPRegen 0.10/turn

%: no passive effects
@: no status effects
A: large, unfitting armour, tough skin 1
a: no special abilities


You were on level 5 of the Dungeon.
You visited 1 branch of the dungeon, and saw 5 of its levels.

You collected 224 gold pieces.

Inventory:

Hand Weapons
 a - a +0 flail (weapon)
Missiles
 d - 3 throwing nets
 v - 38 stones (quivered)
 x - 4 atropa-tipped darts
Armour
 b - a +0 robe (worn)
 c - a +0 hat (worn)
Jewellery
 w - an amulet of faith
Wands
 r - a wand of polymorph (11)
Scrolls
 f - 7 scrolls of identify {unknown}
 i - a scroll of teleportation {unknown}
 j - a scroll of noise {unknown}
 l - 2 scrolls of butterflies {unknown}
 n - a scroll of enchant weapon {unknown}
 o - a scroll of fear {unknown}
 t - a scroll of enchant armour {unknown}
Potions
 g - 2 potions of curing {unknown}
 h - a potion of magic {unknown}
 k - 2 potions of resistance {unknown}
 m - a potion of might {unknown}
 p - 3 potions of lignification {unknown}
 q - a potion of haste {unknown}
 s - a potion of heal wounds {unknown}
 u - a potion of attraction {unknown}


   Skills:
 + Level 5.5 Fighting
 + Level 4.2 Maces & Flails
 + Level 4.1 Throwing
 - Level 2.6 Dodging


You had 5 spell levels left.
You didn't know any spells.
Your spell library contained the following spells:

 Spells                   Type           Power      Damage    Failure   Level
 Apportation              Tloc           0%         N/A       38%         1
 Necrotise                Necr           0%         1d4       38%         1
 Shock                    Conj/Air       0%         1d3       38%         1
 Summon Small Mammal      Summ           0%         N/A       38%         1
 Swiftness                Air            0%         N/A       77%         3
 Airstrike                Air            0%         2d(0-16)  99%         4
 Iskenderun's Battlesphe  Conj           0%         2d6       100%        5
 Iron Shot                Conj/Erth      0%         9d1       100%        6
 Malign Gateway           Summ/Tloc      0%         N/A       100%        7
 Spellforged Servitor     Conj/Summ      0%         N/A       100%        7
 Summon Horrible Things   Summ           0%         N/A       100%        8


Dungeon Overview and Level Annotations

Branches:
Dungeon (5/15)
 Temple: D:4-7

Altars:

Shops:
D:4 (


Innate Abilities, Weirdness & Mutations

You are too large for most types of armour.
You have tough skin. (AC +1)


Message History

You barely miss the iguana.
The iguana is heavily wounded.
The iguana bites you but does no damage.
The iguana bites you!
You take 9 damage, and have 51/66 hp.
You closely miss the iguana.
The iguana is heavily wounded.
The iguana bites you.
You take 2 damage, and have 49/66 hp.
You hit the iguana but do no damage.
The iguana is heavily wounded.
The iguana closely misses you.
You closely miss the iguana.
The iguana is heavily wounded.
The iguana bites you!
You take 12 damage, and have 38/66 hp.
You barely miss the iguana.
The iguana is heavily wounded.
The iguana bites you!
You take 12 damage, and have 26/66 hp.
You closely miss the iguana.
The iguana is heavily wounded.
The iguana bites you!
* * * LOW HITPOINT WARNING * * *
You take 12 damage, and have 14/66 hp.
Throw: 6 darts (atropa)
Press: ? - help, Shift-Dir - straight line, f/p - iguana
Aim: an iguana (heavily wounded, 64% to hit, chance to blind on hit: 83%)
You throw an atropa-tipped dart.
The atropa-tipped dart closely misses the iguana.
The iguana bites you!
* * * LOW HITPOINT WARNING * * *
You take 7 damage, and have 7/66 hp.
Throw: 5 darts (atropa)
Press: ? - help, Shift-Dir - straight line, f/p - iguana
Aim: an iguana (heavily wounded, 64% to hit, chance to blind on hit: 86%)
You throw an atropa-tipped dart.
The atropa-tipped dart closely misses the iguana.
The iguana bites you!
You die...

... #..
....>.
#.#.##### #
...#.)<#
#.###.#.###
#.#.....#
####...#.###
.........#
.(.#...#@#
#.....l.#
#.#.....#
...........
.......#.##.#
.#.......# #
#.###.### .(.
.. .# #.


You could see an iguana.

Vanquished Creatures
  A black bear (D:4)
  A bullfrog (D:4)
  A jelly (D:4)
  A hound (D:4)
  5 adders (D:2)
  2 worms (D:4)
  2 dart slugs
  2 orcs
  3 endoplasms
  4 giant cockroaches
  6 goblins
  9 hobgoblins
  4 jackals (D:2)
  2 quokkas
  2 bats (D:2)
  4 frilled lizards
  5 kobolds
  7 rats
61 creatures vanquished.

Notes
Turn   | Place    | Note
-------+----------+-------------------------------------------
     0 | D:1      | KyoPewz the Ogre Gladiator began the quest for the Orb.
     0 | D:1      | Reached XP level 1. HP: 22/22 MP: 1/1
    84 | D:1      | Found a faded altar of an unknown god.
   225 | D:1      | Reached skill level 3 in Fighting
   225 | D:1      | Reached XP level 2. HP: 31/31 MP: 2/2
   754 | D:2      | Reached XP level 3. HP: 36/37 MP: 3/3
   976 | D:2      | Reached XP level 4. HP: 44/48 MP: 4/4
  1093 | D:2      | Reached skill level 4 in Fighting
  2783 | D:4      | Noticed a bullfrog
  2796 | D:4      | Killed a bullfrog
  2797 | D:4      | Reached XP level 5. HP: 21/55 MP: 5/5
  3385 | D:4      | Reached skill level 5 in Fighting
  3385 | D:4      | Reached XP level 6. HP: 49/66 MP: 6/6
  3475 | D:4      | Found Oqifrask's Antique Weapon Boutique.
  3872 | D:5      | Entered Level 5 of the Dungeon
  3876 | D:5      | Noticed a black bear
  3890 | D:4      | Killed a black bear
  4010 | D:5      | Slain by an iguana

Illustrated notes

Levels and vault maps discovered:
D:1:      wander_arrival_lonely_grave, layout_basic,
          hellmonk_ecumenical_altar_pennies_from_heaven, hex_tiny
D:2:      layout_basic
D:3:      layout_basic
D:4:      layout_basic, serial_shops, nicolae_shop_real_fake_doors,
          ebering_dispersal_statue_hall, minmay_misc_feat_five
D:5:      layout_basic, mainiacjoe_overflow_swirl,
          minmay_temple_entry_butterflies, patterned_corridor

Skill      XL: |  1  2  3  4  5  6 |
---------------+-------------------+-----
Fighting       | 3 4 5 |  5.5
Maces & Flails | 3 4 |  4.2
Throwing       | 3 4 |  4.1
Dodging        | |  2.6

Action                     |  1- 3 |  4- 6 || total
---------------------------+-------+-------++-------
  Melee: Flail             |    77 |   125 ||   202
         Punch             |       |     3 ||     3
  Throw: Large rock        |       |     3 ||     3
         Dart              |       |     6 ||     6
         Stone             |       |     4 ||     4
 Armour: Robe              |    16 |    36 ||    52
  Dodge: Dodged            |    49 |    80 ||   129
